 Dungeon Crawl Stone Soup version 0.24.1-14-gf8d2b509d9 (webtiles) character file.

Game seed: 1859881316770719635, levelgen mode: deterministic

68110 Hugehornet the Bludgeoner (level 15, -31/78 HPs)
             Began as a Gargoyle Fighter on May 22, 2020.
             Was the Champion of Cheibriados.
             Annihilated by an enormous slime creature (66 damage)
             ... on level 14 of the Dungeon.
             The game lasted 01:06:45 (20363 turns).

Hugehornet the Bludgeoner (Gargoyle Fighter)       Turns: 20363, Time: 01:06:45

Health: -31/78     AC: 37    Str: 33    XL:     15   Next: 25%
Magic:  24/24      EV:  7    Int: 33    God:    Cheibriados [******]
Gold:   1496       SH: 14    Dex: 25    Spells: 3/27 levels left

rFire    + . .     SeeInvis .   D - +5 morningstar of Hugehornet's Doom {crush, rElec rF+ rC++ rN+}
rCold    + + .     Gourm    .   c - +0 shield
rNeg     + + +     Faith    .   Z - +0 plate armour
rPois    ∞         Spirit   .   e - +0 helmet "Feodwif" {rPois Int+3} (curse)
rElec    +         Reflect  .   U - +2 ratskin cloak {+Rats rPois rN+ Str-1 Int-1 Dex+1}
rCorr    .         Harm     .   q - +0 pair of gloves of the Everdark {rElec Slay+2 Stlth+}
MR       +....                  s - +2 pair of boots
Stlth    ..........             v - amulet of regeneration
HPRegen  0.63/turn              b - ring of wizardry
MPRegen  0.19/turn              y - ring of wizardry

@: flying, very slow
A: big wings, negative energy resistance 1, electricity resistance, unbreathing,
petrification resistance, rot immunity, AC +11
a: Stop Flying, Bend Time, Temporal Distortion, Slouch, Step From Time, Renounce
Religion, Evoke Ratskin


You were on level 14 of the Dungeon.
You worshipped Cheibriados.
Cheibriados was exalted by your worship.
You were hungry.

You visited 3 branches of the dungeon, and saw 21 of its levels.
You also visited: Ossuary and Gauntlet.

You collected 1496 gold pieces.

Inventory:

Hand Weapons
 D - the +5 morningstar of Hugehornet's Doom (weapon) {crush, rElec rF+ rC++ rN+}
   (You found it on level 6 of the Lair of Beasts)

   It inflicts extra damage upon your enemies.
   It protects you from fire.
   It greatly protects you from cold.
   It insulates you from electricity.
   It protects you from negative energy.
 L - a +1 whip of flaming
Armour
 c - a +0 shield (worn)
 e - the cursed +0 helmet "Feodwif" (worn) {rPois Int+3}
   (You found it in a Gauntlet)

   It affects your intelligence (+3).
   It protects you from poison.
   It has a curse placed upon it.
 q - the +0 pair of gloves of the Everdark (worn) {rElec Slay+2 Stlth+}
   (You found it on level 1 of the Lair of Beasts)

   It affects your accuracy and damage with ranged weapons and melee attacks
   (+2).
   It insulates you from electricity.
   It makes you more stealthy.
 s - a +2 pair of boots (worn)
 U - the +2 ratskin cloak (worn) {+Rats rPois rN+ Str-1 Int-1 Dex+1}
   (You found it on level 7 of the Dungeon)

   It affects your strength (-1).
   It affects your intelligence (-1).
   It affects your dexterity (+1).
   It protects you from poison.
   It protects you from negative energy.
 Z - a +0 plate armour (worn)
Jewellery
 b - a ring of wizardry (left hand)
 k - a +3 ring of dexterity
 u - a +3 ring of intelligence
 v - an amulet of regeneration (around neck)
 y - a ring of wizardry (right hand)
 C - an uncursed ring of protection from cold
 F - a +2 ring of protection
 G - an uncursed ring of protection from cold
 T - a +3 ring of intelligence
Wands
 d - a wand of disintegration (15)
 j - a wand of digging (3)
 r - a wand of enslavement (8)
 t - a wand of iceblast (21)
 O - a wand of flame (60)
Scrolls
 g - a scroll of torment {unknown}
 i - 6 scrolls of remove curse
 m - 3 scrolls of amnesia
 o - 3 scrolls of identify
 p - 5 scrolls of teleportation
 x - 3 scrolls of silence
 z - 3 scrolls of blinking
 A - 2 scrolls of fear
 B - 2 scrolls of noise {unknown}
 H - 5 scrolls of enchant armour
 I - 2 scrolls of magic mapping
 J - 2 scrolls of summoning
 K - 4 scrolls of immolation
 R - 3 scrolls of fog
 S - a scroll of enchant weapon {unknown}
 X - 3 scrolls of brand weapon
Potions
 a - 2 potions of ambrosia
 h - 8 potions of lignification
 l - 3 potions of curing
 n - 3 potions of cancellation
 w - a potion of might
 E - 2 potions of magic
 V - 5 potions of brilliance
Comestibles
 f - 26 rations


   Skills:
 - Level 3.2 Fighting
 - Level 16.0 Maces & Flails
 * Level 13.3 Armour
 + Level 10.1 Shields
 + Level 6.6 Spellcasting
 - Level 1.0 Conjurations
 * Level 8.0 Hexes
 * Level 3.9 Charms
 - Level 1.0 Transmutations
 - Level 1.0 Ice Magic
 * Level 3.5 Air Magic
 + Level 2.9 Earth Magic
 + Level 6.7 Invocations


You had 3 spell levels left.
You knew the following spells:

 Your Spells              Type           Power        Failure   Level  Hunger
a - Cause Fear            Hex            ######....   4%          4    ##.....
b - Throw Frost           Conj/Ice       ###...       11%         2    None
c - Silence               Hex/Air        #####.....   24%         5    ####...
d - Deflect Missiles      Chrm/Air       #####.....   95%         6    ######.
e - Passwall              Tmut/Erth      ###.....     7%          2    None
f - Lee's Rapid Deconstr  Erth           ####......   58%         5    ####...

Your spell library contained the following spells:

 Spells                   Type           Power        Failure   Level  Hunger
 Corona                   Hex            ######.      1%          1    None
 Slow                     Hex            ######..     1%          2    None
 Tukima's Dance           Hex            ######..     1%          3    None
 Sandblast                Erth           ####..       3%          1    None
 Inner Flame              Hex/Fire       #####...     6%          3    None
 Portal Projectile        Hex/Tloc       #####.       6%          3    None
 Apportation              Tloc           ##....       11%         1    None
 Summon Butterflies       Summ           ##......     11%         1    None
 Summon Small Mammal      Summ           ##..         11%         1    None
 Static Discharge         Conj/Air       ####....     12%         3    None
 Throw Flame              Conj/Fire      ##....       13%         2    None
 Stone Arrow              Conj/Erth      ###...       13%         3    None
 Spider Form              Tmut/Pois      ##........   24%         3    None
 Ignite Poison            Fire/Tmut/Pois ##......     26%         3    None
 Lesser Beckoning         Tloc           ##........   28%         3    None
 Leda's Liquefaction      Hex/Erth       #####.....   11%         4    ##.....
 Petrify                  Tmut/Erth      ###.....     38%         4    ##.....
 Yara's Violent Unravell  Hex/Tmut       #####.....   38%         5    ####...
 Invisibility             Hex            ######..     45%         6    ######.
 Irradiate                Conj/Tmut      ###.......   83%         5    ####...
 Alistair's Intoxication  Tmut/Pois      ##......     88%         5    ####...
 Spellforged Servitor     Conj/Summ      ##........   100%        7    #######
 Summon Hydra             Summ           ##........   100%        7    #######
 Discord                  Hex            ######....   100%        8    #######


Dungeon Overview and Level Annotations

Branches:
Dungeon (14/15)            Temple (1/1) D:5            Lair (6/6) D:10
  Swamp (0/4) Lair:2        Snake (0/4) Lair:4        Slime (0/5) Lair:6
    Orc (0/2) D:11         Vaults (0/5) D:13        Ossuary (visited)
Gauntlet (visited)

Altars:
Ashenzari
Cheibriados
Dithmenos
Elyvilon
Fedhas
Gozag
Hepliaklqana
Kikubaaqudgha
Makhleb
Nemelex Xobeh
Okawaru
Qazlal
Ru
Sif Muna
Trog
Uskayaw
Vehumet
Wu Jian
Xom
Yredelemnul
Zin
The Shining One

Shops:
D:6 }   D:8 [   D:12 =

Annotations:
D:4 1 runed translucent door, Gwenloh's ghost, amateur HOFi
Lair:4 exclusion: 2 oklob plants


Innate Abilities, Weirdness & Mutations

You are resistant to torment.
Your stone body is resilient. (AC +11)
You are immune to poison.
Your large and strong wings let you fly indefinitely.
You resist negative energy. (rN+)
You are resistant to electric shocks. (rElec)
You can survive without breathing.
You are immune to petrification.
You are immune to rotting.


Message History

The large slime creature is lightly wounded.
You bludgeon the large slime creature!!
The large slime creature is moderately wounded.
Two slime creatures merge to form an enormous slime creature.
You completely miss the enormous slime creature.
The enormous slime creature is lightly wounded.
The enormous slime creature barely misses you.
You hit the enormous slime creature but do no damage.
The enormous slime creature is lightly wounded.
You completely miss the enormous slime creature.
The enormous slime creature is lightly wounded.
You block the enormous slime creature's attack.
You impale the enormous slime creature!!
The enormous slime creature is moderately wounded.
A slime creature comes into view.
The enormous slime creature hits you!!!
Ouch! That really hurt!
The enormous slime creature hits you!!!
Ouch! That really hurt!
You die...

.##...........##.#####.# #..###
.##...........##.# #.#####.....
.##...........##.# #...........
.##...........##.# ########..##
.##...........##.# #..##
.##....(......##(# ########..##
.###############.# ..........#.
.# #.# .#######.##. .# #@####.###
#.(.... .## #.J....J.. #.#....
).#########################(#####
.................................
###########################†#####
# #...... #######


You could see an enormous slime creature and a slime creature.

Vanquished Creatures
  An entropy weaver (Gauntlet)
  Nessos (Lair:6)
  A minotaur (Gauntlet)
  Snorg (Lair:5)
  6 hydras
  Harold (Lair:2)
  6 two-headed ogres
  4 centaur warriors
  Erica (D:10)
  A merfolk avatar (Lair:6)
  6 death yaks (Lair:3)
  An unseen horror (D:14)
  2 wolf spider zombies (D:14)
  Pikel (D:5)
  A deep elf mage (D:14)
  An orc knight (D:13)
  8 ugly things
  An oklob plant (Lair:6)
  A manticore (Lair:6)
  A cyclops (D:14)
  A torpor snail (Lair:4)
  5 elephants (Lair:6)
  7 black mambas
  A smoke demon (Gauntlet)
  2 gargoyles
  3 centaur skeletons
  A hellion (Gauntlet)
  14 spiny frogs
  A kobold demonologist (D:14)
  6 komodo dragons
  6 rime drakes (Lair:6)
  An efreet (D:13)
  3 meliai (D:11)
  A jumping spider (Gauntlet)
  3 trolls (D:13)
  A wind drake (Lair:6)
  7 polar bears
  5 slime creatures (D:13)
  5 blink frogs (Lair:6)
  A hornet (D:7)
  8 dream sheep
  7 hippogriffs
  29 yaks
  16 humans (D:13)
  3 wraiths
  A basilisk (D:14)
  Grum (Lair:1)
  A steam dragon (D:10)
  A hungry ghost (D:12)
  Menkaure (D:5)
  A hell hound (Gauntlet)
  Edmund (D:6)
  11 porcupines
  4 sky beasts
  22 water moccasins
  A meliai simulacrum (D:14)
  4 orc warriors
  5 phantoms
  4 ice beasts
  A black bear (D:8)
  2 eyes of draining
  3 ogres
  3 boggarts (D:14)
  10 wolves
  8 centaurs
  11 crocodiles
  A big kobold (D:7)
  An elf zombie (Ossuary)
  14 bullfrogs
  5 scorpions
  3 wights (D:10)
  3 jellies
  9 crimson imps
  3 centaur zombies
  2 howler monkeys (D:11)
  3 quasits
  2 bullfrog zombies
  5 orc priests
  A bullfrog skeleton (D:5)
  7 hounds
  9 orc wizards
  Ijyb (D:3)
  A hell rat (D:7)
  9 iguanas
  14 worker ants
  2 big kobold zombies (Ossuary)
  3 hound zombies (Ossuary)
  2 hound skeletons (D:6)
  3 mummies (Ossuary)
  4 gnolls (D:9)
  20 adders
  6 river rats (D:7)
  2 shadow imps
  An ooze (D:3)
  4 adder skeletons
  5 adder zombies
  3 worms
  3 dart slugs
  7 leopard geckos
  29 orcs
  10 giant cockroaches
  3 gnoll zombies (Ossuary)
  10 goblins
  10 hobgoblins
  9 jackals
  4 quokkas
  2 ball pythons
  9 bats
  5 frilled lizards
  2 goblin zombies (Ossuary)
  3 hobgoblin zombies (Ossuary)
  3 jackal zombies (Ossuary)
  15 kobolds
  A kobold zombie (Ossuary)
  A leopard gecko skeleton (D:5)
  An orc zombie (Ossuary)
  6 quokka zombies (Ossuary)
  20 rats
  5 rat zombies (Ossuary)
  2 bushes
587 creatures vanquished.

Vanquished Creatures (others)
  A bullfrog zombie (D:8)
  12 fungi
  28 plants
41 creatures vanquished.

Grand Total: 628 creatures vanquished

Notes
Turn   | Place    | Note
-------+----------+-------------------------------------------
     0 | D:1      | Hugehornet the Gargoyle Fighter began the quest for the
                  | Orb.
     0 | D:1      | Reached XP level 1. HP: 14/14 MP: 1/1
   149 | D:1      | Reached XP level 2. HP: 19/19 MP: 2/2
   170 | D:1      | Reached skill level 3 in Maces & Flails
   734 | D:2      | Reached XP level 3. HP: 23/23 MP: 3/3
   837 | D:2      | Reached skill level 4 in Maces & Flails
   853 | D:2      | Reached XP level 4. HP: 27/28 MP: 4/4
  1136 | D:2      | Found an iron altar of Okawaru.
  1149 | D:2      | Reached skill level 5 in Maces & Flails
  1355 | D:2      | Reached XP level 5. HP: 32/32 MP: 5/5
  1742 | D:3      | Noticed Ijyb
  1762 | D:3      | Killed Ijyb
  1997 | D:3      | Found an ornate altar of the Wu Jian Council.
  2105 | D:3      | Noticed a centaur
  2110 | D:3      | Killed a centaur
  2110 | D:3      | Reached skill level 6 in Maces & Flails
  2110 | D:3      | Reached XP level 6. HP: 37/37 MP: 6/6
  2365 | D:3      | Found a faded altar of an unknown god.
  2803 | D:4      | Found a sand-covered staircase.
  2812 | Ossuary  | Entered an ossuary
  2998 | Ossuary  | Reached skill level 7 in Maces & Flails
  3101 | Ossuary  | Reached XP level 7. HP: 41/41 MP: 7/7
  3244 | D:4      | Reached skill level 8 in Maces & Flails
  3433 | D:4      | Found a runed translucent door.
  3435 | D:4      | Noticed Gwenloh's ghost (amateur HOFi)
  4099 | D:5      | Entered Level 5 of the Dungeon
  4233 | D:5      | Reached skill level 9 in Maces & Flails
  4233 | D:5      | Reached XP level 8. HP: 46/46 MP: 8/8
  4260 | D:5      | Noticed Menkaure
  4268 | D:5      | Killed Menkaure
  4527 | D:5      | Reached skill level 10 in Maces & Flails
  4564 | D:5      | Noticed Pikel
  4594 | D:5      | Killed Pikel
  4594 | D:5      | Reached skill level 11 in Maces & Flails
  4594 | D:5      | Reached XP level 9. HP: 51/51 MP: 9/9
  4974 | D:5      | Found a staircase to the Ecumenical Temple.
  4987 | Temple   | Entered the Ecumenical Temple
  5145 | D:6      | Noticed Edmund
  5153 | D:6      | Killed Edmund
  5306 | D:6      | Found a shadowy altar of Dithmenos.
  5422 | D:6      | Reached skill level 12 in Maces & Flails
  5953 | D:6      | Found Ydamur's Gadget Boutique.
  6007 | D:7      | You fall into a shaft and drop 3 floors!
  6007 | D:10     | Entered Level 10 of the Dungeon
  6152 | D:9      | Found a hazy altar of Hepliaklqana.
  6162 | D:9      | Found a burning altar of Makhleb.
  6166 | D:9      | Found a shattered altar of Ashenzari.
  6261 | D:9      | Reached skill level 13 in Maces & Flails
  6309 | D:9      | Found a glowing silver altar of Zin.
  6543 | D:8      | Reached XP level 10. HP: 56/56 MP: 1/10
  6783 | D:7      | Found a snail-covered altar of Cheibriados.
  6792 | D:7      | Became a worshipper of Cheibriados the Contemplative
  7130 | D:7      | Reached * piety under Cheibriados
  7214 | D:7      | Found the +2 ratskin cloak {+Rats rPois rN+ Str-1 Int-1
                  | Dex+1}
  7408 | D:7      | Reached skill level 14 in Maces & Flails
  7735 | D:8      | Found Icesuen's Antique Armour Shop.
  7825 | D:8      | Noticed a gargoyle
  7826 | D:8      | Noticed a centaur warrior
  7831 | D:8      | Killed a gargoyle
  7844 | D:8      | Killed a centaur warrior
  7977 | D:8      | Reached ** piety under Cheibriados
  8582 | D:9      | Reached skill level 15 in Maces & Flails
  8886 | D:10     | Found a staircase to the Lair.
  9029 | D:10     | Reached XP level 11. HP: 60/60 MP: 11/11
  9091 | D:10     | Noticed Erica
  9108 | D:10     | Killed Erica
  9146 | D:10     | Reached skill level 16 in Maces & Flails
  9152 | D:10     | Learned a level 4 spell: Cause Fear
  9255 | D:10     | Reached *** piety under Cheibriados
  9289 | D:10     | Noticed a two-headed ogre
  9312 | D:10     | Killed a two-headed ogre
  9535 | D:11     | Reached skill level 5 in Armour
  9645 | D:11     | Identified the Papyrus of Poison and Conjuration
  9645 | D:11     | Noticed a two-headed ogre
  9658 | D:11     | Killed a two-headed ogre
  9658 | D:11     | Reached skill level 1 in Hexes
  9686 | D:11     | Reached skill level 1 in Invocations
  9740 | D:11     | Learned a level 2 spell: Throw Frost
  9761 | D:11     | Noticed a two-headed ogre
  9775 | D:11     | Killed a two-headed ogre
  9775 | D:11     | Reached skill level 1 in Spellcasting
  9804 | D:11     | Reached **** piety under Cheibriados
  9851 | D:11     | Found a radiant altar of Vehumet.
 10401 | D:11     | Found a staircase to the Orcish Mines.
 10553 | Lair:1   | Entered Level 1 of the Lair of Beasts
 10698 | Lair:1   | Reached skill level 5 in Shields
 10721 | Lair:1   | Reached skill level 1 in Conjurations
 10748 | Lair:1   | Reached skill level 1 in Ice Magic
 10902 | Lair:1   | Noticed Grum
 10920 | Lair:1   | Reached XP level 12. HP: 57/64 MP: 15/15
 10924 | Lair:1   | Killed Grum
 11434 | Lair:1   | Got a pair of polished gloves
 11445 | Lair:1   | Identified the cursed +0 pair of gloves of the Everdark
                  | {rElec Slay+2 Stlth+} (You found it on level 1 of the Lair
                  | of Beasts)
 11773 | Lair:2   | Reached ***** piety under Cheibriados
 12056 | Lair:2   | Noticed Harold
 12072 | Lair:2   | Killed Harold
 12315 | Lair:2   | Found a staircase to the Swamp.
 12731 | Lair:3   | Noticed a seven-headed hydra
 12746 | Lair:3   | Killed a seven-headed hydra
 12870 | Lair:3   | Noticed a death yak
 12870 | Lair:3   | Noticed a death yak
 12870 | Lair:3   | Noticed a death yak
 12870 | Lair:3   | Noticed a death yak
 12870 | Lair:3   | Noticed a death yak
 12871 | Lair:3   | Noticed a death yak
 12892 | Lair:3   | Killed a death yak
 12899 | Lair:3   | Killed a death yak
 12912 | Lair:3   | Killed a death yak
 12920 | Lair:3   | Killed a death yak
 12937 | Lair:3   | Killed a death yak
 12958 | Lair:3   | Killed a death yak
 12958 | Lair:3   | Reached XP level 13. HP: 29/68 MP: 19/19
 13545 | Lair:3   | Reached skill level 10 in Armour
 13871 | Lair:4   | Found a staircase to the Snake Pit.
 14004 | Lair:4   | Reached ****** piety under Cheibriados
 14729 | Lair:5   | Noticed Snorg
 14736 | Lair:5   | Reached skill level 5 in Hexes
 14782 | Lair:5   | Killed Snorg
 14816 | Lair:5   | You fall into a shaft and drop 1 floor!
 14816 | Lair:6   | Entered Level 6 of the Lair of Beasts
 14919 | Lair:6   | Reached skill level 5 in Spellcasting
 15401 | Lair:6   | Reached skill level 5 in Invocations
 15404 | Lair:6   | Noticed Nessos
 15413 | Lair:6   | Gained mutation: Your large and strong wings let you fly
                  | indefinitely. [Gargoyle growth]
 15413 | Lair:6   | Reached XP level 14. HP: 18/74 MP: 14/22
 15413 | Lair:6   | Killed Nessos
 15996 | Lair:5   | Learned a level 5 spell: Silence
 16003 | Lair:5   | Learned a level 6 spell: Deflect Missiles
 16765 | Lair:6   | Reached skill level 1 in Charms
 17016 | Lair:6   | Reached skill level 1 in Air Magic
 17028 | Lair:6   | Found a staircase to the Slime Pits.
 17157 | Lair:6   | Got a smoking morningstar
 17158 | Lair:6   | Identified the +5 morningstar of Hugehornet's Doom {crush,
                  | rElec rF+ rC++ rN+} (You found it on level 6 of the Lair of
                  | Beasts)
 17282 | Lair:6   | Got a pair of steaming boots
 17293 | Lair:6   | Identified the cursed -4 pair of boots of the Disturbing
                  | Coins {-Tele +Inv rN+} (You found it on level 6 of the Lair
                  | of Beasts)
 17800 | D:12     | Found Ishropel's Jewellery Shop.
 17879 | D:12     | Learned a level 2 spell: Passwall
 17944 | D:13     | Found a gate leading to a gauntlet.
 17957 | Gauntlet | Entered a Gauntlet
 17957 | Gauntlet | Found a transporter.
 17966 | Gauntlet | Found a transporter.
 17982 | Gauntlet | Found a transporter.
 17986 | Gauntlet | Found a transporter.
 18004 | Gauntlet | Found a transporter.
 18017 | Gauntlet | Found a transporter.
 18030 | Gauntlet | Found a transporter.
 18056 | Gauntlet | Found a transporter.
 18056 | Gauntlet | Found a transporter.
 18060 | Gauntlet | Found a transporter.
 18080 | Gauntlet | Noticed an entropy weaver
 18093 | Gauntlet | Found a transporter.
 18093 | Gauntlet | Found a transporter.
 18172 | Gauntlet | Killed an entropy weaver
 18195 | Gauntlet | Got a smoking helmet
 18206 | Gauntlet | Identified the cursed +0 helmet "Feodwif" {rPois Int+3}
                  | (You found it in a Gauntlet)
 18225 | Gauntlet | Reached skill level 1 in Earth Magic
 18349 | Gauntlet | Identified Kevomouc's Incunabulum of the Creative Arsonist
 18361 | Gauntlet | Learned a level 5 spell: Lee's Rapid Deconstruction
 18501 | D:13     | Reached skill level 1 in Transmutations
 18729 | D:13     | Found a gate to the Vaults.
 18840 | D:13     | Reached skill level 10 in Shields
 19280 | D:14     | Reached XP level 15. HP: 69/78 MP: 24/24
 20363 | D:14     | Annihilated by an enormous slime creature

Levels and vault maps discovered:
D:1:      eino_arrival_tree_alley, layout_loops_ring, st_stairs_6
D:2:      minmay_alternating_diamond, layout_rooms, kennysheep_okawaru_gauntlet,
          kennysheep_generic_room_14
D:3:      layout_basic, nicolae_overflow_hidden_temple, first_ration,
          chequers_ecumenical_altar_twisty, uniq_ijyb
D:4:      layout_gridville, enter_ossuary_1, ebering_ghost_sewer_d
D:5:      layout_basic, minmay_temple_entry_poolview, serial_undead,
          serial_undead_b, serial_undead_c, serial_undead_c, serial_undead_c,
          minmay_holes, uniq_menkaure, uniq_pikel
D:6:      layout_loops_ring, serial_shops, kennysheep_little_box, basic_altar,
          uniq_edmund
D:7:      wander_guarded_unrand_ratskin, layout_basic, cheibriados_altar_1,
          st_stairs_14
D:8:      minmay_bloctagon_deflated, layout_loops_corners, serial_shops, shop,
          lemuel_flame_loot_1
D:9:      layout_irregular_city, minitemple, zin_treasury
D:10:     layout_roguey, lair_entry_dummy, uniq_erica
D:11:     layout_long_grid, orc_0_dummy, basic_altar
D:12:     layout_rooms, serial_shops, nicolae_shop_behind_doors
D:13:     layout_basic, david_vaults_3, gauntlet_entry_generic
D:14:     layout_basic, dk_noncrumbling_3
Temple:   nicolae_temple_no_exploring_needed
Lair:1:   layout_long_grid, st_stairs_7, wad_woods_road_01, uniq_grum
Lair:2:   layout_layer_cave, swamp_mist_pool, grunt_megastairs_4, uniq_harold
Lair:3:   layout_roguey
Lair:4:   layout_small_grid, minmay_snake_entry_six_corridors,
          minmay_lair_oklob_chamber, grunt_megastairs_1
Lair:5:   layout_loops_ring, minivault_25, uniq_snorg
Lair:6:   gammafunk_lair_ancient_temple, layout_cave_pods,
          dpeg_slime_entry_corner, minmay_lair_oklob_items, uniq_nessos

Skill      XL: |  1  2  3  4  5  6  7  8  9 10 11 12 13 14 15 |
---------------+----------------------------------------------+-----
Maces & Flails | 3 4 5 6 7 9 11 13 15 16 | 16.0
Armour         | 6 9 12 13 | 13.3
Shields        | 5 7 9 10 | 10.1
Hexes          | 3 4 6 7 8 |  8.0
Invocations    | 2 3 5 6 |  6.7
Spellcasting   | 2 4 5 6 |  6.6
Conjurations   | 1 |  1.0
Ice Magic      | 1 |  1.0
Charms         | 3 |  3.9
Air Magic      | 2 3 |  3.5
Earth Magic    | 2 |  2.9
Transmutations | 1 |  1.0
Fighting       | |  3.2

Action                   |  1- 3 |  4- 6 |  7- 9 | 10-12 | 13-15 || total
-------------------------+-------+-------+-------+-------+-------++-------
Melee: Flail             |   107 |   330 |   102 |       |       ||   539
       Morningstar       |       |       |   463 |   828 |  1010 ||  2301
Throw: Stone             |       |    12 |       |       |       ||    12
Invok: Slouch            |       |       |       |       |     4 ||     4
       Bend Time         |       |       |       |       |     1 ||     1
 Abil: Fly               |       |       |       |       |     1 ||     1
  Use: Potion            |       |     1 |     2 |     9 |    10 ||    22
       Scroll            |       |     8 |     3 |    11 |    12 ||    34
 Stab: Invisible         |       |       |       |     3 |    10 ||    13
       Distracted        |       |       |       |       |     1 ||     1
  Eat: Chunk             |       |     7 |    13 |     9 |    12 ||    41
       Ration            |       |       |       |     1 |     2 ||     3
Armor: Scale mail        |    90 |   208 |   173 |       |       ||   471
       Chain mail        |       |       |   166 |   246 |       ||   412
       Plate armour      |       |       |       |   273 |   753 ||  1026
Dodge: Dodged            |    49 |   106 |   110 |   162 |   233 ||   660
Block: Shield            |    77 |   149 |   228 |   389 |   754 ||  1597
